[ AOE2 MATCH · #506468487 ]
UnrankedBulgarians vs Hindustanis
Player's team · WIN
[ REPLAY ANALYSIS · EXTRACTED FROM THE RECORDED GAME ]
Feudal
11:54
Castle
23:46
Imperial
40:08
| APM avg | 79.2 |
| APM peak | 112 |
| eAPM avg | 33.5 |
| Villagers / military | 192 / 272 |
Focus
⚔️ 53.3% · 🌾 46.7%
Militia ×111 · Skirmisher ×73 · Scout Cavalry ×43 · Konnik ×27 · Trebuchet (Packed) ×8 · Mangonel ×3
Feudal
9:22
Castle
21:34
Imperial
40:49
| APM avg | 68.6 |
| APM peak | 104 |
| eAPM avg | 34.9 |
| Villagers / military | 184 / 176 |
Focus
⚔️ 44.3% · 🌾 55.7%
Camel Scout ×73 · Hand Cannoneer ×34 · Ghulam ×13 · Scout Cavalry ×11 · Archer ×10 · Scorpion ×10
Match map
Initial resources + every placement click. Lines = walls · curves = elevation contours. ◆ gold · ⬟ stone · ● berries · ✦ relic · ◌ wall gap
Your base· ✓ Closed at 23:46 · 46t walls · 1 gate(s)
_Tomate's base· Open — opponent sealed themselves in
Smoothed initial terrain · ◌ = detected wall gap · hover for details
Inputs per minute
— Macluffy - - _Tomate
Build order — Macluffy
First 150 of 671 actions detected
| 0:01 | Create | Villager (Male) |
| 0:01 | Create | Villager (Male) |
| 0:02 | Build | House |
| 0:03 | Build | House |
| 0:06 | Create | Villager (Male) |
| 0:12 | Create | Villager (Male) |
| 1:25 | Create | Villager (Male) |
| 1:47 | Build | Lumber Camp |
| 1:58 | Create | Villager (Male) |
| 2:15 | Create | Villager (Male) |
| 2:47 | Create | Villager (Male) |
| 3:02 | Create | Villager (Male) |
| 3:18 | Create | Villager (Male) |
| 3:48 | Build | House |
| 3:55 | Create | Villager (Male) |
| 4:02 | Create | Villager (Male) |
| 4:43 | Build | Barracks |
| 4:48 | Create | Villager (Male) |
| 5:00 | Create | Villager (Male) |
| 5:28 | Build | House |
| 5:37 | Create | Militia |
| 5:42 | Build | Palisade Wall |
| 5:46 | Create | Villager (Male) |
| 5:49 | Create | Militia |
| 5:55 | Create | Villager (Male) |
| 6:08 | Create | Villager (Male) |
| 6:14 | Build | House |
| 6:15 | Build | Palisade Wall |
| 6:21 | Create | Militia |
| 6:37 | Build | Mill |
| 7:08 | Create | Villager (Male) |
| 7:26 | Create | Villager (Male) |
| 7:34 | Create | Villager (Male) |
| 7:51 | Create | Villager (Male) |
| 7:55 | Build | House |
| 7:57 | Build | Palisade Wall |
| 8:13 | Research | Loom |
| 8:23 | Build | Palisade Wall |
| 8:54 | Create | Villager (Male) |
| 9:11 | Create | Villager (Male) |
| 9:12 | Research | Feudal Age |
| 9:19 | Build | Palisade Wall |
| 10:12 | Build | Mining Camp |
| 10:39 | Build | Farm |
| 10:40 | Build | Farm |
| 11:13 | Create | Militia |
| 11:33 | Create | Militia |
| 11:46 | Create | Villager (Male) |
| 11:53 | Create | Villager (Male) |
| 11:54 | Age | Feudal Age |
| 11:55 | Build | Farm |
| 12:00 | Build | Archery Range |
| 12:07 | Research | Arson |
| 12:08 | Research | Double-Bit Axe |
| 12:09 | Create | Villager (Male) |
| 12:15 | Build | Palisade Wall |
| 12:23 | Build | House |
| 12:25 | Build | Palisade Wall |
| 12:25 | Build | Palisade Wall |
| 12:25 | Build | Palisade Wall |
| 12:26 | Build | Palisade Wall |
| 12:45 | Create | Skirmisher |
| 12:45 | Create | Skirmisher |
| 12:51 | Create | Villager (Male) |
| 13:03 | Create | Skirmisher |
| 13:08 | Create | Skirmisher |
| 13:21 | Create | Skirmisher |
| 13:27 | Build | Farm |
| 13:31 | Create | Skirmisher |
| 13:32 | Create | Villager (Male) |
| 13:35 | Create | Militia |
| 13:51 | Create | Villager (Male) |
| 14:08 | Build | Blacksmith |
| 14:15 | Build | Farm |
| 14:16 | Build | Farm |
| 14:17 | Create | Villager (Male) |
| 14:23 | Create | Skirmisher |
| 14:28 | Build | House |
| 14:29 | Build | Palisade Wall |
| 14:47 | Research | Fletching |
| 14:49 | Build | Farm |
| 14:59 | Create | Villager (Male) |
| 15:04 | Create | Skirmisher |
| 15:14 | Create | Militia |
| 15:17 | Build | Farm |
| 15:22 | Build | Farm |
| 15:36 | Create | Villager (Male) |
| 15:51 | Build | Farm |
| 15:53 | Build | Farm |
| 15:58 | Create | Skirmisher |
| 16:06 | Build | House |
| 16:09 | Research | Padded Archer Armor |
| 16:19 | Build | Farm |
| 16:25 | Create | Skirmisher |
| 16:34 | Create | Skirmisher |
| 16:40 | Create | Skirmisher |
| 16:41 | Create | Villager (Male) |
| 16:42 | Build | Farm |
| 17:02 | Create | Skirmisher |
| 17:16 | Create | Skirmisher |
| 17:18 | Create | Villager (Male) |
| 17:25 | Create | Skirmisher |
| 17:52 | Create | Skirmisher |
| 17:53 | Create | Villager (Male) |
| 18:06 | Create | Skirmisher |
| 18:07 | Create | Villager (Male) |
| 18:11 | Create | Skirmisher |
| 18:12 | Build | Farm |
| 18:13 | Build | Farm |
| 18:14 | Build | Farm |
| 18:20 | Create | Militia |
| 18:20 | Create | Militia |
| 18:25 | Create | Militia |
| 18:29 | Create | Villager (Male) |
| 18:31 | Build | Farm |
| 18:34 | Build | Farm |
| 18:42 | Create | Militia |
| 18:46 | Build | Market |
| 18:56 | Create | Militia |
| 18:58 | Create | Villager (Male) |
| 19:00 | Research | Horse Collar |
| 19:09 | Create | Villager (Male) |
| 19:16 | Create | Villager (Male) |
| 19:26 | Create | Militia |
| 19:32 | Create | Militia |
| 19:36 | Build | Barracks |
| 19:41 | Create | Villager (Male) |
| 19:54 | Create | Militia |
| 20:04 | Build | House |
| 20:06 | Build | House |
| 20:26 | Create | Villager (Male) |
| 20:36 | Build | Farm |
| 21:06 | Research | Castle Age |
| 21:13 | Create | Skirmisher |
| 21:25 | Create | Militia |
| 21:29 | Build | Palisade Gate |
| 21:31 | Build | House |
| 21:38 | Create | Militia |
| 21:38 | Create | Militia |
| 21:42 | Research | Scale Mail Armor |
| 22:02 | Create | Villager (Male) |
| 22:12 | Create | Skirmisher |
| 22:13 | Create | Villager (Male) |
| 22:23 | Create | Villager (Male) |
| 22:24 | Create | Militia |
| 22:34 | Research | Forging |
| 22:41 | Create | Skirmisher |
| 22:42 | Create | Militia |
| 22:42 | Create | Militia |
| 22:49 | Create | Villager (Male) |
Build order — _Tomate
First 150 of 663 actions detected
| 0:00 | Create | Villager (Male) |
| 0:00 | Create | Villager (Male) |
| 0:01 | Create | Villager (Male) |
| 0:01 | Create | Villager (Male) |
| 0:02 | Build | House |
| 0:02 | Build | House |
| 1:13 | Create | Villager (Male) |
| 1:54 | Create | Villager (Male) |
| 1:54 | Create | Villager (Male) |
| 1:54 | Create | Villager (Male) |
| 2:43 | Create | Villager (Male) |
| 2:47 | Build | Barracks |
| 3:04 | Create | Villager (Male) |
| 3:05 | Create | Villager (Male) |
| 3:49 | Build | House |
| 3:50 | Create | Militia |
| 3:50 | Create | Militia |
| 4:02 | Research | Loom |
| 4:02 | Research | Loom |
| 4:25 | Build | House |
| 4:31 | Create | Villager (Male) |
| 5:07 | Create | Villager (Male) |
| 5:07 | Create | Villager (Male) |
| 5:07 | Create | Villager (Male) |
| 5:07 | Create | Villager (Male) |
| 5:57 | Build | Lumber Camp |
| 6:35 | Create | Villager (Male) |
| 7:11 | Research | Feudal Age |
| 7:39 | Build | Lumber Camp |
| 7:47 | Build | Palisade Wall |
| 7:49 | Build | Palisade Wall |
| 8:09 | Build | Palisade Wall |
| 9:16 | Build | Palisade Wall |
| 9:17 | Create | Villager (Male) |
| 9:22 | Age | Feudal Age |
| 9:23 | Build | House |
| 9:27 | Build | Archery Range |
| 9:52 | Build | Palisade Wall |
| 9:53 | Create | Villager (Male) |
| 9:54 | Create | Villager (Male) |
| 10:04 | Build | House |
| 10:08 | Create | Skirmisher |
| 10:25 | Create | Skirmisher |
| 10:34 | Build | Mill |
| 10:40 | Create | Skirmisher |
| 10:42 | Create | Villager (Male) |
| 10:59 | Build | Mining Camp |
| 11:01 | Create | Villager (Male) |
| 11:10 | Build | Palisade Wall |
| 11:29 | Build | House |
| 11:33 | Create | Villager (Male) |
| 11:34 | Create | Skirmisher |
| 11:53 | Create | Villager (Male) |
| 12:00 | Build | Blacksmith |
| 12:06 | Create | Archer |
| 12:15 | Create | Villager (Male) |
| 12:25 | Create | Archer |
| 12:38 | Create | Villager (Male) |
| 12:55 | Build | Farm |
| 12:57 | Build | House |
| 13:05 | Create | Villager (Male) |
| 13:08 | Create | Archer |
| 13:22 | Create | Villager (Male) |
| 13:29 | Research | Fletching |
| 13:29 | Research | Fletching |
| 13:30 | Build | House |
| 13:31 | Build | House |
| 13:39 | Create | Villager (Male) |
| 13:47 | Create | Villager (Male) |
| 14:13 | Create | Villager (Male) |
| 14:15 | Build | Farm |
| 14:15 | Build | Farm |
| 14:15 | Build | Farm |
| 14:15 | Build | Farm |
| 14:16 | Build | Farm |
| 14:16 | Build | Farm |
| 14:16 | Build | Farm |
| 14:16 | Build | Farm |
| 14:27 | Create | Archer |
| 14:42 | Create | Archer |
| 14:58 | Create | Villager (Male) |
| 14:59 | Build | Farm |
| 15:01 | Build | Farm |
| 15:05 | Create | Archer |
| 15:06 | Create | Villager (Male) |
| 15:12 | Build | Farm |
| 15:32 | Build | Farm |
| 15:43 | Build | House |
| 15:44 | Build | House |
| 15:51 | Create | Villager (Male) |
| 15:58 | Create | Archer |
| 16:06 | Build | Farm |
| 16:19 | Build | House |
| 16:20 | Create | Villager (Male) |
| 16:23 | Create | Archer |
| 16:50 | Create | Villager (Male) |
| 16:56 | Build | House |
| 17:27 | Create | Villager (Male) |
| 17:29 | Build | House |
| 17:30 | Build | House |
| 17:39 | Build | Palisade Wall |
| 17:50 | Build | Palisade Wall |
| 18:04 | Create | Villager (Male) |
| 18:04 | Create | Villager (Male) |
| 18:05 | Create | Archer |
| 18:05 | Create | Archer |
| 18:35 | Build | Stable |
| 18:37 | Build | House |
| 18:38 | Build | House |
| 18:50 | Build | Farm |
| 18:51 | Build | Farm |
| 18:54 | Research | Castle Age |
| 18:55 | Research | Castle Age |
| 19:06 | Research | Horse Collar |
| 19:06 | Research | Horse Collar |
| 19:10 | Build | House |
| 19:31 | Create | Scout Cavalry |
| 19:38 | Build | Palisade Wall |
| 19:41 | Build | House |
| 19:48 | Build | Palisade Gate |
| 19:51 | Create | Scout Cavalry |
| 20:12 | Research | Gold Mining |
| 20:21 | Create | Scout Cavalry |
| 20:27 | Build | Farm |
| 20:27 | Build | Farm |
| 20:40 | Build | Stable |
| 21:09 | Research | Scale Barding Armor |
| 21:15 | Create | Villager (Male) |
| 21:23 | Create | Scout Cavalry |
| 21:34 | Age | Castle Age |
| 21:35 | Build | Town Center |
| 21:36 | Research | Double-Bit Axe |
| 21:49 | Create | Camel Scout |
| 22:13 | Create | Villager (Male) |
| 22:18 | Create | Camel Scout |
| 22:31 | Create | Villager (Male) |
| 22:31 | Create | Camel Scout |
| 22:42 | Build | Farm |
| 22:43 | Build | Farm |
| 22:46 | Create | Camel Scout |
| 22:47 | Create | Cavalry Archer |
| 22:55 | Build | Stable |
| 23:06 | Create | Villager (Male) |
| 23:06 | Create | Villager (Male) |
| 23:17 | Create | Villager (Male) |
| 23:25 | Build | Town Center |
| 23:30 | Create | Camel Scout |
| 23:36 | Create | Camel Scout |
| 23:43 | Build | Farm |
| 24:13 | Create | Villager (Male) |
Match timeline
| 2:47 | _Tomate · first_building Barracks |
| 4:43 | Macluffy · first_building Barracks |
| 5:42 | Macluffy · wall_segment Palisade Wall x1 |
| 6:15 | Macluffy · wall_segment Palisade Wall x9 |
| 7:47 | _Tomate · wall_segment Palisade Wall x4 |
| 7:49 | _Tomate · wall_segment Palisade Wall x5 |
| 7:57 | Macluffy · wall_segment Palisade Wall x5 |
| 8:09 | _Tomate · wall_segment Palisade Wall x3 |
| 8:23 | Macluffy · wall_segment Palisade Wall x1 |
| 9:16 | _Tomate · wall_segment Palisade Wall x5 |
| 9:19 | Macluffy · wall_segment Palisade Wall x6 |
| 9:22 | _Tomate · age_up feudal |
| 9:27 | _Tomate · first_building Archery Range |
| 9:52 | _Tomate · wall_segment Palisade Wall x5 |
| 11:10 | _Tomate · wall_segment Palisade Wall x4 |
| 11:54 | Macluffy · age_up feudal |
| 12:00 | Macluffy · first_building Archery Range |
| 12:15 | Macluffy · wall_segment Palisade Wall x13 |
| 12:25 | Macluffy · wall_segment Palisade Wall x1 |
| 12:25 | Macluffy · wall_segment Palisade Wall x1 |
| 12:25 | Macluffy · wall_segment Palisade Wall x1 |
| 12:26 | Macluffy · wall_segment Palisade Wall x1 |
| 14:29 | Macluffy · wall_segment Palisade Wall x7 |
| 17:39 | _Tomate · wall_segment Palisade Wall x1 |
| 17:50 | _Tomate · wall_segment Palisade Wall x1 |
| 18:35 | _Tomate · first_building Stable |
| 19:38 | _Tomate · wall_segment Palisade Wall x1 |
| 19:58 | Macluffy · first_market_sell 100 stone |
| 19:59 | Macluffy · first_market_buy 100 food |
| 21:34 | _Tomate · age_up castle |
| 23:46 | Macluffy · age_up castle |
| 24:26 | _Tomate · first_building Siege Workshop |
| 29:02 | _Tomate · wall_segment Stone Wall x1 |
| 29:04 | _Tomate · wall_segment Stone Wall x1 |
| 29:42 | Macluffy · first_building Siege Workshop |
| 30:35 | _Tomate · first_building Castle |
| 33:13 | _Tomate · first_building Monastery |
| 34:11 | Macluffy · first_building Krepost |
| 37:19 | _Tomate · first_market_sell 100 wood |
| 37:21 | _Tomate · first_market_buy 100 food |
| 37:43 | Macluffy · first_building Monastery |
| 38:39 | Macluffy · first_building Castle |
| 38:53 | Macluffy · first_building Stable |
| 40:08 | Macluffy · age_up imperial |
| 40:49 | _Tomate · age_up imperial |
| 41:40 | Macluffy · wall_segment Palisade Wall x1 |
| 41:47 | Macluffy · wall_segment Palisade Wall x1 |
| 55:25 | _Tomate · resign |
[ AI ANALYSIS · 1 CREDIT ]
What really happened in this match?
Wolo.gg analyzes every decision: build order, eco, micro, common mistakes by bracket. Personalized analysis on WhatsApp or Discord in 30 seconds.
Civ guide
Bulgarians
Perfil
Jugador #453821